St.Louis Blues vs Edmonton Oilers

Created - Wednesday, February 4, 2026 at 07:40

Goals
1 2 3 T
St.Louis Blues 1 2 1 4
Edmonton Oilers 0 1 0 1
Shots
1 2 3 T
St.Louis Blues 6 15 13 34
Edmonton Oilers 14 6 13 33

1st period

1. St.Louis Blues , Jack Eichel 2 (Robert Thomas 8, Mikhail Sergachev 6) at 5:24

Penalties :
No Penalty

2nd period

2. St.Louis Blues , Jake Guentzel 1 (Colton Parayko 3, Brayden Point 4) at 5:16
3. St.Louis Blues , Vincent Trocheck 5 (Brandon Hagel 4, Colton Parayko 4) at 7:16
4. Edmonton Oilers , Scott Mayfield 2 (Kirill Marchenko 11, Adrian Kempe 15) at 17:43

Penalties :
Brandon Hagel (STL) for Cross-checking (Minor) at 1:18, Connor McMichael (EDM) for Hooking (Minor) at 7:40

3rd period

5. St.Louis Blues , Robert Thomas 6 (Jack Eichel 9, Nikita Kucherov 1) at 7:44 (PP)

Penalties :
Jacob Trouba (EDM) for Holding (Minor) at 6:52, Logan O'Connor (STL) for Holding (Minor) at 13:06, Troy Stecher (EDM) for Holding (Minor) at 16:23, Brandon Hagel (STL) for Roughing (Minor) at 17:41

Goalie Stats

Connor Hellebuyck (STL), 32 saves from 33 shots - (0.970), W, 6-4-0, 60:00 minutes
Karel Vejmelka (EDM), 30 saves from 34 shots - (0.882), L, 6-3-0, 60:00 minutes

Players Stats for St.Louis Blues

Player Name              G  A  P  +/- PIM S  H  SB GA TA FO     MP     PP MP  PK MP  
------------------------------------------------------------------------------------
Adam Pelech              0  0  0   0  0   1  0  0  0  2  0/0     9:56   0:00   0:00 
Alex Tuch                0  0  0   1  0   0  2  0  0  0  1/1    13:31   1:59   0:00 
Artem Zub                0  0  0   0  0   0  1  0  0  1  0/0    13:23   0:00   2:59 
Brandon Hagel            0  1  1   1  4   2  2  0  0  0  0/1    13:12   1:30   0:00 
Brandon Tanev            0  0  0   0  0   1  0  0  0  0  0/0    10:05   0:07   2:52 
Brayden Point            0  1  1   1  0   4  0  0  1  0  8/11   15:54   2:11   0:03 
Colton Parayko           0  2  2   1  0   0  0  2  0  1  0/0    25:01   0:00   2:14 
Isac Lundestrom          0  0  0   0  0   1  2  0  0  0  2/2    10:37   1:31   2:27 
Jaccob Slavin            0  0  0   1  0   1  2  2  0  0  0/0    20:54   0:00   3:02 
Jack Eichel              1  1  2   0  0   4  1  1  1  0  2/3    20:40   2:31   0:00 
Jake Guentzel            1  0  1   1  0   3  0  0  1  0  1/1    14:17   0:06   0:24 
Jake Sanderson           0  0  0   1  0   2  1  3  0  0  0/0    27:55   2:10   2:17 
Logan O'Connor           0  0  0   0  2   3  0  0  0  0  0/0     8:07   0:00   1:21 
Mark Stone               0  0  0   1  0   1  0  0  0  0  0/0    13:46   0:07   0:00 
Mikhail Sergachev        0  1  1   1  0   1  0  0  0  1  0/0    18:42   1:59   0:00 
Nikita Kucherov          0  1  1   0  0   2  3  0  0  1  0/1    20:40   2:31   0:00 
Robert Thomas            1  1  2   0  0   5  1  0  0  0  19/27  21:41   2:31   1:00 
Vincent Trocheck         1  0  1   1  0   3  4  0  0  0  5/11   15:39   1:31   2:25 

Players Stats for Edmonton Oilers

Player Name              G  A  P  +/- PIM S  H  SB GA TA FO     MP     PP MP  PK MP  
------------------------------------------------------------------------------------
Adrian Kempe             0  1  1  -1  0   4  4  0  0  1  1/1    17:28   2:24   0:00 
Boone Jenner             0  0  0  -1  0   4  0  0  0  0  3/5    11:40   0:00   0:00 
Brandon Carlo            0  0  0  -1  0   2  1  1  0  0  0/0    23:11   2:38   2:02 
Brock Boeser             0  0  0   0  0   3  2  2  1  0  1/2    19:05   2:48   2:13 
Connor McMichael         0  0  0   0  2   5  1  2  0  0  4/19   16:26   2:48   0:00 
David Savard             0  0  0  -1  0   4  1  2  0  1  0/0    21:28   2:38   2:07 
Dawson Mercer            0  0  0  -1  0   1  0  0  0  0  0/1    11:40   0:00   0:00 
Derek Ryan               0  0  0   0  0   2  2  1  0  0  0/0     9:56   0:00   0:00 
Dylan Holloway           0  0  0  -1  0   0  1  0  0  1  0/1    11:40   0:00   0:00 
Evan Bouchard            0  0  0  -1  0   1  1  0  0  0  0/0    21:26   2:38   2:07 
Jacob Trouba             0  0  0  -1  2   1  0  1  1  0  0/0    23:18   2:38   1:25 
Jake DeBrusk             0  0  0   0  0   1  2  1  0  0  1/1    18:40   2:48   2:13 
Kirill Marchenko         0  1  1  -1  0   3  2  0  2  0  0/0    19:19   2:28   1:56 
Morgan Barron            0  0  0   0  0   0  0  1  2  0  1/4     9:56   0:00   0:00 
Ryan McLeod              0  0  0  -1  0   1  2  0  0  0  9/24   19:19   2:28   1:56 
Scott Mayfield           1  0  1   0  0   1  1  2  0  0  0/0    15:15   0:00   0:37 
Tanner Jeannot           0  0  0   0  0   0  1  0  0  0  0/0     9:56   0:00   0:00 
Troy Stecher             0  0  0   0  2   0  0  1  0  0  0/0    15:24   0:04   0:00 

3 Stars

1 - Connor Hellebuyck (STL)
2 - Vincent Trocheck (STL)
3 - Jack Eichel (STL)

Power Play

St.Louis Blues - 1 on 3 Attempt(s) - 33.33%
Edmonton Oilers - 0 on 3 Attempt(s) - 0.00%

Penalty Kill

St.Louis Blues - 3 on 3 Attempt(s) - 100.00% - Score 0 goal in Penalty Kill
Edmonton Oilers - 2 on 3 Attempt(s) - 66.67% - Score 0 goal in Penalty Kill

Team Stat

St.Louis Blues - Hits : 19 - Faceoff Wins : 38 - Blocked Shots : 8 - Penalty Minutes : 6
Edmonton Oilers - Hits : 21 - Faceoff Wins : 20 - Blocked Shots : 14 - Penalty Minutes : 6

Official

Referees : Eric Furlatt and Kyle Rehman
Linesman : Tommy Hughes and Brad Kovachik

Game Notes

No Game Note

Finance

Level 1 -- Attendance: 5722 (95.37%) -- Ticket Income $514,980
Level 2 -- Attendance: 4335 (86.70%) -- Ticket Income $216,750
Level 3 -- Attendance: 3000 (100.00%) -- Ticket Income $90,000
Level 4 -- Attendance: 4681 (93.62%) -- Ticket Income $93,620
Luxury Box -- Attendance: 916 (91.60%) -- Ticket Income $174,040
Game was played at the Rexall Place.
Total Attendance: 18654 (93.27%)
Total Ticket Income: $1,089,390
Other Income: $381,286
Total Income: $1,470,676

St.Louis Blues

5 vs 5 Forward 
   Center                   Left Wing                Right Wing               Time % Phy DF OF 
 1 Robert Thomas            Jack Eichel              Nikita Kucherov          40     0   2  3  
 2 Brayden Point            Jake Guentzel            Mark Stone               30     0   2  3  
 3 Vincent Trocheck         Brandon Hagel            Alex Tuch                25     1   2  2  
 4 Isac Lundestrom          Brandon Tanev            Logan O'Connor           5      1   3  1  

5 vs 5 Defense 
   Defense                  Defense                                           Time % Phy DF OF 
 1 Jake Sanderson           Colton Parayko                                    45     0   3  2  
 2 Mikhail Sergachev        Jaccob Slavin                                     35     0   3  2  
 3 Artem Zub                Adam Pelech                                       20     1   2  2  
 4 Jake Sanderson           Colton Parayko                                    0      0   3  2  

PowerPlay Forward 
   Center                   Left Wing                Right Wing               Time % Phy DF OF 
 1 Robert Thomas            Jack Eichel              Nikita Kucherov          60     0   0  5  
 2 Vincent Trocheck         Brandon Hagel            Isac Lundestrom          40     0   0  5  

PowerPlay Defense
   Defense                  Defense                                           Time % Phy DF OF 
 1 Brayden Point            Jake Sanderson                                    60     0   0  5  
 2 Alex Tuch                Mikhail Sergachev                                 40     0   0  5  

Penalty Kill 4 Players Forward 
   Center                   Wing                     Time % Phy DF OF 
 1 Vincent Trocheck         Brandon Tanev            50     0   5  0  
 2 Isac Lundestrom          Logan O'Connor           50     0   5  0  

Penalty Kill 4 Players Defense
   Defense                  Defense                  Time % Phy DF OF 
 1 Colton Parayko           Jake Sanderson           50     1   4  0  
 2 Jaccob Slavin            Artem Zub                50     1   4  0  

Penalty Kill - 3 Players Forward 
   Forward                                           Time % Phy DF OF 
 1 Vincent Trocheck                                  50     0   5  0  
 2 Isac Lundestrom                                   50     0   5  0  

Penalty Kill - 3 Players Defense
   Defense                  Defense                  Time % Phy DF OF 
 1 Colton Parayko           Mikhail Sergachev        50     0   5  0  
 2 Jaccob Slavin            Artem Zub                50     0   5  0  

4 vs 4 Forward 
   Center                   Wing                     Time % Phy DF OF 
 1 Jack Eichel              Nikita Kucherov          50     0   2  3  
 2 Robert Thomas            Brayden Point            50     0   2  3  

4 vs 4 Defense
   Defense                  Defense                  Time % Phy DF OF 
 1 Jake Sanderson           Jaccob Slavin            50     0   3  2  
 2 Mikhail Sergachev        Colton Parayko           50     0   3  2  

Last Minutes Offensive
   Center                   Left Wing                Right Wing               Defense                  Defense                  
   Robert Thomas            Jack Eichel              Nikita Kucherov          Brayden Point            Jake Sanderson           

Last Minutes Defensive
   Center                   Left Wing                Right Wing               Defense                  Defense                  
   Vincent Trocheck         Isac Lundestrom          Brandon Tanev            Jaccob Slavin            Colton Parayko           

Goaltenders
Starting : Connor Hellebuyck        
Backup : Scott Wedgewood          

Extra Forwards
Normal : Jake Guentzel, Alex Tuch, Mark Stone - PP : Nikita Kucherov, Mark Stone - PK : Robert Thomas
Extra Defensemen
Normal : Mikhail Sergachev, Jaccob Slavin, Artem Zub - PP : Colton Parayko - PK : Artem Zub, Mikhail Sergachev
Penalty Shots
Alex Tuch, Brayden Point, Jake Guentzel, Jack Eichel, Nikita Kucherov

Scratches
Matthew Seminoff (Healthy), Connor Clifton (Healthy), Joona Koppanen (Healthy)

Edmonton Oilers

5 vs 5 Forward 
   Center                   Left Wing                Right Wing               Time % Phy DF OF 
 1 Ryan McLeod              Adrian Kempe             Kirill Marchenko         30     1   2  2  
 2 Connor McMichael         Jake DeBrusk             Brock Boeser             30     1   2  2  
 3 Boone Jenner             Dylan Holloway           Dawson Mercer            25     1   2  2  
 4 Morgan Barron            Tanner Jeannot           Derek Ryan               15     1   2  2  

5 vs 5 Defense 
   Defense                  Defense                                           Time % Phy DF OF 
 1 Jacob Trouba             Brandon Carlo                                     35     1   2  2  
 2 David Savard             Evan Bouchard                                     35     1   2  2  
 3 Troy Stecher             Scott Mayfield                                    30     1   2  2  
 4 Troy Stecher             Jacob Trouba                                      0      1   2  2  

PowerPlay Forward 
   Center                   Left Wing                Right Wing               Time % Phy DF OF 
 1 Ryan McLeod              Adrian Kempe             Kirill Marchenko         50     1   2  2  
 2 Connor McMichael         Jake DeBrusk             Brock Boeser             50     1   2  2  

PowerPlay Defense
   Defense                  Defense                                           Time % Phy DF OF 
 1 Jacob Trouba             Brandon Carlo                                     50     1   2  2  
 2 David Savard             Evan Bouchard                                     50     1   2  2  

Penalty Kill 4 Players Forward 
   Center                   Wing                     Time % Phy DF OF 
 1 Ryan McLeod              Kirill Marchenko         50     1   2  2  
 2 Brock Boeser             Jake DeBrusk             50     1   2  2  

Penalty Kill 4 Players Defense
   Defense                  Defense                  Time % Phy DF OF 
 1 Jacob Trouba             Brandon Carlo            50     1   2  2  
 2 David Savard             Evan Bouchard            50     1   2  2  

Penalty Kill - 3 Players Forward 
   Forward                                           Time % Phy DF OF 
 1 Brock Boeser                                      50     1   2  2  
 2 Kirill Marchenko                                  50     1   2  2  

Penalty Kill - 3 Players Defense
   Defense                  Defense                  Time % Phy DF OF 
 1 Jacob Trouba             Brandon Carlo            50     1   2  2  
 2 David Savard             Evan Bouchard            50     1   2  2  

4 vs 4 Forward 
   Center                   Wing                     Time % Phy DF OF 
 1 Ryan McLeod              Kirill Marchenko         50     1   2  2  
 2 Brock Boeser             Adrian Kempe             50     1   2  2  

4 vs 4 Defense
   Defense                  Defense                  Time % Phy DF OF 
 1 Jacob Trouba             Brandon Carlo            50     1   2  2  
 2 David Savard             Evan Bouchard            50     1   2  2  

Last Minutes Offensive
   Center                   Left Wing                Right Wing               Defense                  Defense                  
   Ryan McLeod              Adrian Kempe             Kirill Marchenko         Jacob Trouba             Brandon Carlo            

Last Minutes Defensive
   Center                   Left Wing                Right Wing               Defense                  Defense                  
   Ryan McLeod              Adrian Kempe             Kirill Marchenko         Jacob Trouba             Brandon Carlo            

Goaltenders
Starting : Karel Vejmelka           
Backup : Juuse Saros              

Extra Forwards
Normal : Dylan Holloway, Boone Jenner, Dawson Mercer - PP : Dylan Holloway, Boone Jenner - PK : Dawson Mercer
Extra Defensemen
Normal : Jacob Trouba, Scott Mayfield, Troy Stecher - PP : Jacob Trouba - PK : Scott Mayfield, Troy Stecher
Penalty Shots
Boone Jenner, Kirill Marchenko, Brock Boeser, Jake DeBrusk, Ryan McLeod

Scratches
Luke Hughes (Healthy), Brett Pesce (Healthy), Xavier Bourgault (Healthy), Jonathan Quick (Healthy)

% Time on Ice - St.Louis Blues

Lines # - Real PCT - Wanted PCT - Time Play
Normal Forward
1 - 36% - 40% - 18:12
2 - 27% - 30% - 13:31
3 - 23% - 25% - 11:32
4 - 13% - 5% - 6:39
Normal Defense
1 - 46% - 45% - 22:47
2 - 34% - 35% - 17:11
3 - 20% - 20% - 9:56
4 - 0% - 0% - 0:00
PP Forward
1 - 63% - 60% - 2:38
2 - 37% - 40% - 1:31
PP Defense
1 - 52% - 60% - 2:10
2 - 48% - 40% - 1:59
PK Forward
1 - 46% - 50% - 2:25
2 - 54% - 50% - 2:51
PK Defense
1 - 43% - 50% - 2:17
2 - 57% - 50% - 2:59
PK3 Forward
1 - 0% - 50%
2 - 0% - 50%
PK3 Defense
1 - 0% - 50%
2 - 0% - 50%
44 Forward
1 - 59% - 50% - 0:24
2 - 41% - 50% - 0:17
44 Defense
1 - 100% - 50% - 0:41
2 - 0% - 50% - 0:00
Last Minute Offensive  - 0:00
Last Minute Defensive  - 0:00
Total
Forward - 60:00
Defense - 60:00

% Time on Ice - Edmonton Oilers

Lines # - Real PCT - Wanted PCT - Time Play
Normal Forward
1 - 29% - 30% - 14:39
2 - 27% - 30% - 13:39
3 - 23% - 25% - 11:40
4 - 20% - 15% - 9:56
Normal Defense
1 - 36% - 35% - 18:06
2 - 33% - 35% - 16:25
3 - 29% - 30% - 14:38
4 - 2% - 0% - 0:45
PP Forward
1 - 47% - 50% - 2:28
2 - 53% - 50% - 2:48
PP Defense
1 - 50% - 50% - 2:38
2 - 50% - 50% - 2:38
PK Forward
1 - 47% - 50% - 1:56
2 - 53% - 50% - 2:13
PK Defense
1 - 49% - 50% - 2:02
2 - 51% - 50% - 2:07
PK3 Forward
1 - 0% - 50%
2 - 0% - 50%
PK3 Defense
1 - 0% - 50%
2 - 0% - 50%
44 Forward
1 - 39% - 50% - 0:16
2 - 61% - 50% - 0:25
44 Defense
1 - 61% - 50% - 0:25
2 - 39% - 50% - 0:16
Last Minute Offensive  - 0:00
Last Minute Defensive  - 0:00
Total
Forward - 60:00
Defense - 60:00

Play-by-Play

1st period


0:01 of 1st period - Robert Thomas wins face-off versus Ryan McLeod in neutral zone.
0:16 of 1st period - Wrist shot by Robert Thomas.
0:16 of 1st period - Deflect By Brandon Carlo.
0:16 of 1st period - Shot Blocked by Brandon Carlo.
0:16 of 1st period - Puck is out of play.
0:17 of 1st period - Brayden Point wins face-off versus Connor McMichael in Edmonton Oilers zone.
0:20 of 1st period - Slapshot by Jake Guentzel.
0:20 of 1st period - Shot Misses the Net.
0:26 of 1st period - Wrist shot by Jake DeBrusk.
0:26 of 1st period - Shot Misses the Net.
0:42 of 1st period - David Savard is hit by Brandon Hagel and loses puck.
1:05 of 1st period - Off-side.
1:06 of 1st period - Robert Thomas wins face-off versus Morgan Barron in neutral zone.
1:52 of 1st period - Snap shot by Jake DeBrusk.
1:52 of 1st period - Stopped by Connor Hellebuyck without a rebound.
1:53 of 1st period - Brayden Point wins face-off versus Brock Boeser in St.Louis Blues zone.
2:20 of 1st period - David Savard is hit by Vincent Trocheck and loses puck.
2:27 of 1st period - Wrist shot by Brandon Hagel.
2:27 of 1st period - Stopped by Karel Vejmelka without a rebound.
2:28 of 1st period - Ryan McLeod wins face-off versus Robert Thomas in Edmonton Oilers zone.
2:28 of 1st period - Ryan McLeod is hit by Robert Thomas.
2:55 of 1st period - Snap shot by Dylan Holloway.
2:55 of 1st period - Deflect By Dawson Mercer.
2:55 of 1st period - Shot Blocked by Jaccob Slavin.
2:55 of 1st period - Puck is out of play.
2:56 of 1st period - Boone Jenner wins face-off versus Vincent Trocheck in St.Louis Blues zone.
3:01 of 1st period - Slapshot by Boone Jenner.
3:01 of 1st period - Stopped by Connor Hellebuyck without a rebound.
3:02 of 1st period - Boone Jenner wins face-off versus Brandon Hagel in St.Louis Blues zone.
3:33 of 1st period - Slapshot by Brock Boeser.
3:33 of 1st period - Stopped by Connor Hellebuyck with a rebound.
3:35 of 1st period - Wrist shot by Jacob Trouba.
3:35 of 1st period - Stopped by Connor Hellebuyck with a rebound.
3:37 of 1st period - Snap shot by Brandon Carlo.
3:37 of 1st period - Stopped by Connor Hellebuyck with a rebound.
3:39 of 1st period - Wrist shot by Brandon Carlo.
3:39 of 1st period - Shot Misses the Net.
4:11 of 1st period - Snap shot by Logan O'Connor.
4:11 of 1st period - Stopped by Karel Vejmelka with a rebound.
4:33 of 1st period - Snap shot by Vincent Trocheck.
4:33 of 1st period - Shot Misses the Net.
4:35 of 1st period - Slapshot by Vincent Trocheck.
4:35 of 1st period - Deflect By Brandon Hagel.
4:35 of 1st period - Shot Misses the Net.
4:35 of 1st period - Puck is out of play.
4:36 of 1st period - Alex Tuch wins face-off versus Connor McMichael in Edmonton Oilers zone.
4:39 of 1st period - Snap shot by Vincent Trocheck.
4:39 of 1st period - Shot Misses the Net.
4:47 of 1st period - Backhand shot by Vincent Trocheck.
4:47 of 1st period - Shot Misses the Net.
5:08 of 1st period - Off-side.
5:09 of 1st period - Ryan McLeod wins face-off versus Robert Thomas in neutral zone.
5:24 of 1st period - Wrist shot by Jack Eichel.
5:24 of 1st period - Deflect By Adrian Kempe.
5:24 of 1st period - Goal by Jack Eichel - St.Louis Blues : 1 - Edmonton Oilers : 0.
5:25 of 1st period - Brayden Point wins face-off versus Boone Jenner in neutral zone.
5:52 of 1st period - Boone Jenner is hit by Vincent Trocheck and loses puck.
6:01 of 1st period - Snap shot by Dylan Holloway.
6:01 of 1st period - Shot Misses the Net.
6:03 of 1st period - Wrist shot by Scott Mayfield.
6:03 of 1st period - Shot Blocked by Jaccob Slavin.
6:09 of 1st period - Wrist shot by Boone Jenner.
6:09 of 1st period - Stopped by Connor Hellebuyck without a rebound.
6:10 of 1st period - Robert Thomas wins face-off versus Connor McMichael in St.Louis Blues zone.
8:19 of 1st period - Troy Stecher is hit by Brandon Hagel.
8:23 of 1st period - Troy Stecher is hit by Jaccob Slavin and loses puck.
8:36 of 1st period - David Savard is hit by Jaccob Slavin and loses puck.
8:45 of 1st period - Adam Pelech is hit by Evan Bouchard and loses puck.
8:58 of 1st period - Slapshot by Jake DeBrusk.
8:58 of 1st period - Shot Misses the Net.
9:24 of 1st period - Wrist shot by Jake Guentzel.
9:24 of 1st period - Shot Misses the Net.
9:40 of 1st period - Snap shot by Morgan Barron.
9:40 of 1st period - Deflect By Derek Ryan.
9:40 of 1st period - Stopped by Connor Hellebuyck with a rebound.
9:46 of 1st period - Derek Ryan is hit by Vincent Trocheck and loses puck.
9:51 of 1st period - Wrist shot by Vincent Trocheck.
9:51 of 1st period - Shot Blocked by Morgan Barron.
10:21 of 1st period - Snap shot by Robert Thomas.
10:21 of 1st period - Shot Misses the Net.
10:53 of 1st period - Snap shot by Brayden Point.
10:53 of 1st period - Stopped by Karel Vejmelka with a rebound.
11:31 of 1st period - Slapshot by Brock Boeser.
11:31 of 1st period - Stopped by Connor Hellebuyck with a rebound.
12:10 of 1st period - Mikhail Sergachev is hit by Kirill Marchenko and loses puck.
12:51 of 1st period - Robert Thomas is hit by Jake DeBrusk and loses puck.
13:26 of 1st period - Slapshot by Adrian Kempe.
13:26 of 1st period - Shot Blocked by Jake Sanderson.
13:28 of 1st period - Slapshot by David Savard.
13:28 of 1st period - Deflect By Colton Parayko.
13:28 of 1st period - Stopped by Connor Hellebuyck without a rebound.
13:29 of 1st period - Adrian Kempe wins face-off versus Robert Thomas in St.Louis Blues zone.
13:36 of 1st period - Nikita Kucherov is hit by Adrian Kempe and loses puck.
14:04 of 1st period - Mikhail Sergachev is hit by Brandon Carlo and loses puck.
15:15 of 1st period - Mikhail Sergachev is hit by Tanner Jeannot and loses puck.
16:15 of 1st period - Slapshot by Kirill Marchenko.
16:15 of 1st period - Stopped by Connor Hellebuyck without a rebound.
16:16 of 1st period - Vincent Trocheck wins face-off versus Dylan Holloway in St.Louis Blues zone.
16:16 of 1st period - Vincent Trocheck is hit by Dylan Holloway.
16:26 of 1st period - Wrist shot by Boone Jenner.
16:26 of 1st period - Shot Misses the Net.
16:28 of 1st period - Snap shot by Boone Jenner.
16:28 of 1st period - Stopped by Connor Hellebuyck without a rebound.
16:29 of 1st period - Brayden Point wins face-off versus Connor McMichael in St.Louis Blues zone.
16:44 of 1st period - Snap shot by Brayden Point.
16:44 of 1st period - Shot Misses the Net.
17:02 of 1st period - Snap shot by Connor McMichael.
17:02 of 1st period - Stopped by Connor Hellebuyck with a rebound.
17:40 of 1st period - Slapshot by Mikhail Sergachev.
17:40 of 1st period - Shot Blocked by David Savard.
17:42 of 1st period - Slapshot by Jaccob Slavin.
17:42 of 1st period - Deflect By Jack Eichel.
17:42 of 1st period - Stopped by Karel Vejmelka without a rebound.
17:43 of 1st period - Morgan Barron wins face-off versus Robert Thomas in Edmonton Oilers zone.
17:48 of 1st period - Slapshot by David Savard.
17:48 of 1st period - Stopped by Connor Hellebuyck without a rebound.
17:49 of 1st period - Jake DeBrusk wins face-off versus Robert Thomas in St.Louis Blues zone.
17:50 of 1st period - Snap shot by Connor McMichael.
17:50 of 1st period - Stopped by Connor Hellebuyck without a rebound.
17:51 of 1st period - Jack Eichel wins face-off versus Connor McMichael in St.Louis Blues zone.
17:51 of 1st period - Jack Eichel is hit by Connor McMichael.
17:59 of 1st period - Backhand shot by Robert Thomas.
17:59 of 1st period - Shot Misses the Net.
18:17 of 1st period - Wrist shot by Vincent Trocheck.
18:17 of 1st period - Shot Misses the Net.
18:19 of 1st period - Slapshot by Artem Zub.
18:19 of 1st period - Shot Misses the Net.
18:21 of 1st period - Snap shot by Brandon Hagel.
18:21 of 1st period - Stopped by Karel Vejmelka without a rebound.
18:22 of 1st period - Ryan McLeod wins face-off versus Vincent Trocheck in Edmonton Oilers zone.
18:35 of 1st period - Vincent Trocheck is hit by Adrian Kempe and loses puck.
19:49 of 1st period - Connor McMichael is hit by Jack Eichel and loses puck.
19:58 of 1st period - Snap shot by Robert Thomas.
19:58 of 1st period - Shot Misses the Net.
Goals for this period are 1 for St.Louis Blues vs 0 for Edmonton Oilers.
Shots for this period are 6 for St.Louis Blues vs 14 for Edmonton Oilers.

2nd period


0:01 of 2nd period - Robert Thomas wins face-off versus Connor McMichael in neutral zone.
0:12 of 2nd period - Wrist shot by Brock Boeser.
0:12 of 2nd period - Deflect By Jake DeBrusk.
0:12 of 2nd period - Shot Blocked by Jack Eichel.
0:12 of 2nd period - Puck is out of play.
0:13 of 2nd period - Robert Thomas wins face-off versus Ryan McLeod in St.Louis Blues zone.
0:13 of 2nd period - Robert Thomas is hit by Scott Mayfield.
0:26 of 2nd period - Ryan McLeod is hit by Nikita Kucherov and loses puck.
0:51 of 2nd period - Snap shot by Scott Mayfield.
0:51 of 2nd period - Shot Misses the Net.
1:01 of 2nd period - Dawson Mercer is hit by Alex Tuch and loses puck.
1:18 of 2nd period - Minor Penalty to Brandon Hagel for Cross-checking.
1:19 of 2nd period - Vincent Trocheck wins face-off versus Ryan McLeod in St.Louis Blues zone.
2:02 of 2nd period - Brandon Tanev is hit by Jake DeBrusk and loses puck.
2:27 of 2nd period - Isac Lundestrom is hit by Kirill Marchenko and loses puck.
3:18 of 2nd period - Penalty to Brandon Hagel is over, Brandon Hagel is back on ice.
3:56 of 2nd period - Snap shot by Nikita Kucherov.
3:56 of 2nd period - Stopped by Karel Vejmelka without a rebound.
3:57 of 2nd period - Robert Thomas wins face-off versus Morgan Barron in Edmonton Oilers zone.
4:08 of 2nd period - Slapshot by Morgan Barron.
4:08 of 2nd period - Shot Misses the Net.
4:10 of 2nd period - Wrist shot by Derek Ryan.
4:10 of 2nd period - Shot Blocked by Colton Parayko.
4:12 of 2nd period - Backhand shot by David Savard.
4:12 of 2nd period - Stopped by Connor Hellebuyck without a rebound.
4:13 of 2nd period - Ryan McLeod wins face-off versus Brayden Point in St.Louis Blues zone.
4:14 of 2nd period - Wrist shot by Kirill Marchenko.
4:14 of 2nd period - Shot Blocked by Colton Parayko.
4:22 of 2nd period - Wrist shot by Brayden Point.
4:22 of 2nd period - Stopped by Karel Vejmelka without a rebound.
4:23 of 2nd period - Ryan McLeod wins face-off versus Brayden Point in Edmonton Oilers zone.
5:02 of 2nd period - Snap shot by Mark Stone.
5:02 of 2nd period - Shot Hit the Post.
5:04 of 2nd period - Slapshot by Colton Parayko.
5:04 of 2nd period - Shot Blocked by David Savard.
5:06 of 2nd period - Snap shot by Mark Stone.
5:06 of 2nd period - Shot Misses the Net.
5:08 of 2nd period - Snap shot by Brayden Point.
5:08 of 2nd period - Shot Misses the Net.
5:10 of 2nd period - Snap shot by Mark Stone.
5:10 of 2nd period - Stopped by Karel Vejmelka with a rebound.
5:12 of 2nd period - Snap shot by Brayden Point.
5:12 of 2nd period - Shot Misses the Net.
5:14 of 2nd period - Snap shot by Colton Parayko.
5:14 of 2nd period - Shot Misses the Net.
5:16 of 2nd period - Wrist shot by Jake Guentzel.
5:16 of 2nd period - Goal by Jake Guentzel - St.Louis Blues : 2 - Edmonton Oilers : 0.
5:17 of 2nd period - Robert Thomas wins face-off versus Connor McMichael in neutral zone.
5:24 of 2nd period - Wrist shot by Robert Thomas.
5:24 of 2nd period - Stopped by Karel Vejmelka with a rebound.
5:32 of 2nd period - Wrist shot by Robert Thomas.
5:32 of 2nd period - Stopped by Karel Vejmelka with a rebound.
5:34 of 2nd period - Slapshot by Mikhail Sergachev.
5:34 of 2nd period - Shot Blocked by Jake DeBrusk.
6:24 of 2nd period - Kirill Marchenko is hit by Jake Sanderson and loses puck.
7:16 of 2nd period - Snap shot by Vincent Trocheck.
7:16 of 2nd period - Goal by Vincent Trocheck - St.Louis Blues : 3 - Edmonton Oilers : 0.
7:17 of 2nd period - Robert Thomas wins face-off versus Connor McMichael in neutral zone.
7:17 of 2nd period - Robert Thomas is hit by Brock Boeser.
7:21 of 2nd period - Wrist shot by Nikita Kucherov.
7:21 of 2nd period - Shot Misses the Net.
7:23 of 2nd period - Wrist shot by Jack Eichel.
7:23 of 2nd period - Stopped by Karel Vejmelka without a rebound.
7:24 of 2nd period - Robert Thomas wins face-off versus Connor McMichael in Edmonton Oilers zone.
7:40 of 2nd period - Minor Penalty to Connor McMichael for Hooking.
7:41 of 2nd period - Robert Thomas wins face-off versus Ryan McLeod in Edmonton Oilers zone.
7:52 of 2nd period - Snap shot by Nikita Kucherov.
7:52 of 2nd period - Shot Misses the Net.
9:40 of 2nd period - Penalty to Connor McMichael is over, Connor McMichael is back on ice.
10:10 of 2nd period - Wrist shot by Boone Jenner.
10:10 of 2nd period - Stopped by Connor Hellebuyck without a rebound.
10:11 of 2nd period - Ryan McLeod wins face-off versus Vincent Trocheck in St.Louis Blues zone.
10:32 of 2nd period - Wrist shot by Vincent Trocheck.
10:32 of 2nd period - Shot Misses the Net.
10:50 of 2nd period - Icing by Tanner Jeannot.
10:51 of 2nd period - Robert Thomas wins face-off versus Morgan Barron in Edmonton Oilers zone.
12:38 of 2nd period - Wrist shot by Nikita Kucherov.
12:38 of 2nd period - Shot Misses the Net.
12:40 of 2nd period - Slapshot by Adam Pelech.
12:40 of 2nd period - Stopped by Karel Vejmelka with a rebound.
12:42 of 2nd period - Slapshot by Adam Pelech.
12:42 of 2nd period - Shot Blocked by Scott Mayfield.
13:16 of 2nd period - Morgan Barron is hit by Nikita Kucherov and loses puck.
13:21 of 2nd period - Wrist shot by Jack Eichel.
13:21 of 2nd period - Stopped by Karel Vejmelka without a rebound.
13:22 of 2nd period - Jake Guentzel wins face-off versus Connor McMichael in Edmonton Oilers zone.
13:27 of 2nd period - Snap shot by Brayden Point.
13:27 of 2nd period - Stopped by Karel Vejmelka without a rebound.
13:28 of 2nd period - Brayden Point wins face-off versus Connor McMichael in Edmonton Oilers zone.
13:35 of 2nd period - Slapshot by Brayden Point.
13:35 of 2nd period - Stopped by Karel Vejmelka with a rebound.
13:55 of 2nd period - Snap shot by Logan O'Connor.
13:55 of 2nd period - Stopped by Karel Vejmelka without a rebound.
13:56 of 2nd period - Isac Lundestrom wins face-off versus Ryan McLeod in Edmonton Oilers zone.
15:04 of 2nd period - Jake DeBrusk is hit by Isac Lundestrom and loses puck.
16:01 of 2nd period - Jake Guentzel is hit by Derek Ryan and loses puck.
16:52 of 2nd period - Scott Mayfield is hit by Alex Tuch and loses puck.
17:39 of 2nd period - Wrist shot by Adrian Kempe.
17:39 of 2nd period - Stopped by Connor Hellebuyck with a rebound.
17:41 of 2nd period - Wrist shot by Kirill Marchenko.
17:41 of 2nd period - Shot Blocked by Jake Sanderson.
17:43 of 2nd period - Slapshot by Scott Mayfield.
17:43 of 2nd period - Goal by Scott Mayfield - St.Louis Blues : 3 - Edmonton Oilers : 1.
17:44 of 2nd period - Robert Thomas wins face-off versus Connor McMichael in neutral zone.
17:54 of 2nd period - Icing by David Savard.
17:55 of 2nd period - Robert Thomas wins face-off versus Connor McMichael in Edmonton Oilers zone.
18:10 of 2nd period - Backhand shot by Jack Eichel.
18:10 of 2nd period - Shot Misses the Net.
18:30 of 2nd period - Snap shot by Adrian Kempe.
18:30 of 2nd period - Deflect By Kirill Marchenko.
18:30 of 2nd period - Shot Misses the Net.
18:30 of 2nd period - Puck is out of play.
18:31 of 2nd period - Vincent Trocheck wins face-off versus Ryan McLeod in St.Louis Blues zone.
18:36 of 2nd period - Brandon Carlo is hit by Vincent Trocheck and loses puck.
18:41 of 2nd period - Backhand shot by Brandon Hagel.
18:41 of 2nd period - Shot Misses the Net.
18:43 of 2nd period - Wrist shot by Alex Tuch.
18:43 of 2nd period - Shot Misses the Net.
19:11 of 2nd period - Slapshot by Brock Boeser.
19:11 of 2nd period - Shot Misses the Net.
19:25 of 2nd period - Slapshot by Evan Bouchard.
19:25 of 2nd period - Shot Blocked by Jake Sanderson.
19:27 of 2nd period - Slapshot by Evan Bouchard.
19:27 of 2nd period - Stopped by Connor Hellebuyck with a rebound.
19:29 of 2nd period - Wrist shot by Derek Ryan.
19:29 of 2nd period - Stopped by Connor Hellebuyck without a rebound.
19:30 of 2nd period - Robert Thomas wins face-off versus Ryan McLeod in St.Louis Blues zone.
19:37 of 2nd period - Snap shot by Mikhail Sergachev.
19:37 of 2nd period - Stopped by Karel Vejmelka with a rebound.
19:39 of 2nd period - Slapshot by Jaccob Slavin.
19:39 of 2nd period - Stopped by Karel Vejmelka without a rebound.
19:40 of 2nd period - Robert Thomas wins face-off versus Ryan McLeod in Edmonton Oilers zone.
Goals for this period are 2 for St.Louis Blues vs 1 for Edmonton Oilers.
Shots for this period are 15 for St.Louis Blues vs 6 for Edmonton Oilers.

3rd period


0:01 of 3rd period - Jack Eichel wins face-off versus Connor McMichael in neutral zone.
0:29 of 3rd period - Off-side.
0:30 of 3rd period - Ryan McLeod wins face-off versus Vincent Trocheck in neutral zone.
0:35 of 3rd period - Slapshot by Ryan McLeod.
0:35 of 3rd period - Stopped by Connor Hellebuyck without a rebound.
0:36 of 3rd period - Robert Thomas wins face-off versus Ryan McLeod in St.Louis Blues zone.
0:36 of 3rd period - Robert Thomas is hit by David Savard.
0:42 of 3rd period - David Savard is hit by Nikita Kucherov and loses puck.
0:49 of 3rd period - Mikhail Sergachev is hit by Adrian Kempe and loses puck.
1:09 of 3rd period - Slapshot by Dylan Holloway.
1:09 of 3rd period - Shot Misses the Net.
1:26 of 3rd period - Off-side.
1:27 of 3rd period - Robert Thomas wins face-off versus Ryan McLeod in neutral zone.
1:40 of 3rd period - Snap shot by Kirill Marchenko.
1:40 of 3rd period - Stopped by Connor Hellebuyck with a rebound.
1:42 of 3rd period - Slapshot by David Savard.
1:42 of 3rd period - Stopped by Connor Hellebuyck with a rebound.
1:44 of 3rd period - Slapshot by Evan Bouchard.
1:44 of 3rd period - Shot Misses the Net.
2:16 of 3rd period - Slapshot by Brandon Tanev.
2:16 of 3rd period - Shot Blocked by Brock Boeser.
2:34 of 3rd period - Snap shot by Connor McMichael.
2:34 of 3rd period - Stopped by Connor Hellebuyck without a rebound.
2:35 of 3rd period - Boone Jenner wins face-off versus Robert Thomas in St.Louis Blues zone.
2:50 of 3rd period - Snap shot by Dawson Mercer.
2:50 of 3rd period - Stopped by Connor Hellebuyck with a rebound.
4:10 of 3rd period - Snap shot by Logan O'Connor.
4:10 of 3rd period - Stopped by Karel Vejmelka without a rebound.
4:11 of 3rd period - Robert Thomas wins face-off versus Ryan McLeod in Edmonton Oilers zone.
4:18 of 3rd period - Slapshot by Robert Thomas.
4:18 of 3rd period - Shot Misses the Net.
4:36 of 3rd period - Wrist shot by Robert Thomas.
4:36 of 3rd period - Stopped by Karel Vejmelka with a rebound.
5:14 of 3rd period - Backhand shot by Adrian Kempe.
5:14 of 3rd period - Stopped by Connor Hellebuyck with a rebound.
5:16 of 3rd period - Slapshot by Brandon Carlo.
5:16 of 3rd period - Stopped by Connor Hellebuyck without a rebound.
5:17 of 3rd period - Brayden Point wins face-off versus Dawson Mercer in St.Louis Blues zone.
6:06 of 3rd period - Snap shot by Alex Tuch.
6:06 of 3rd period - Shot Blocked by Troy Stecher.
6:08 of 3rd period - Snap shot by Brandon Tanev.
6:08 of 3rd period - Shot Misses the Net.
6:10 of 3rd period - Snap shot by Colton Parayko.
6:10 of 3rd period - Shot Misses the Net.
6:12 of 3rd period - Snap shot by Logan O'Connor.
6:12 of 3rd period - Shot Misses the Net.
6:14 of 3rd period - Slapshot by Jake Sanderson.
6:14 of 3rd period - Deflect By Morgan Barron.
6:14 of 3rd period - Stopped by Karel Vejmelka without a rebound.
6:15 of 3rd period - Brayden Point wins face-off versus Boone Jenner in Edmonton Oilers zone.
6:30 of 3rd period - Wrist shot by Jake Guentzel.
6:30 of 3rd period - Stopped by Karel Vejmelka with a rebound.
6:49 of 3rd period - Snap shot by Isac Lundestrom.
6:49 of 3rd period - Deflect By Logan O'Connor.
6:49 of 3rd period - Shot Blocked by Jacob Trouba.
6:49 of 3rd period - Puck is out of play.
6:50 of 3rd period - Connor McMichael wins face-off versus Robert Thomas in Edmonton Oilers zone.
6:52 of 3rd period - Minor Penalty to Jacob Trouba for Holding.
6:53 of 3rd period - Robert Thomas wins face-off versus Ryan McLeod in Edmonton Oilers zone.
7:10 of 3rd period - Wrist shot by Robert Thomas.
7:10 of 3rd period - Stopped by Karel Vejmelka with a rebound.
7:20 of 3rd period - Jack Eichel is hit by Brock Boeser and loses puck.
7:44 of 3rd period - Snap shot by Robert Thomas.
7:44 of 3rd period - Goal by Robert Thomas - St.Louis Blues : 4 - Edmonton Oilers : 1.
7:45 of 3rd period - Connor McMichael wins face-off versus Brayden Point in neutral zone.
8:22 of 3rd period - Wrist shot by Adrian Kempe.
8:22 of 3rd period - Stopped by Connor Hellebuyck with a rebound.
8:58 of 3rd period - Snap shot by Brock Boeser.
8:58 of 3rd period - Stopped by Connor Hellebuyck with a rebound.
10:24 of 3rd period - Slapshot by Jake Guentzel.
10:24 of 3rd period - Stopped by Karel Vejmelka with a rebound.
11:12 of 3rd period - Jack Eichel is hit by Derek Ryan and loses puck.
11:57 of 3rd period - Snap shot by Robert Thomas.
11:57 of 3rd period - Shot Blocked by Derek Ryan.
11:59 of 3rd period - Wrist shot by Jack Eichel.
11:59 of 3rd period - Shot Misses the Net.
12:01 of 3rd period - Slapshot by Jake Sanderson.
12:01 of 3rd period - Shot Misses the Net.
12:03 of 3rd period - Wrist shot by Nikita Kucherov.
12:03 of 3rd period - Shot Misses the Net.
12:05 of 3rd period - Snap shot by Nikita Kucherov.
12:05 of 3rd period - Shot Misses the Net.
12:07 of 3rd period - Backhand shot by Jake Sanderson.
12:07 of 3rd period - Stopped by Karel Vejmelka without a rebound.
12:08 of 3rd period - Brayden Point wins face-off versus Connor McMichael in Edmonton Oilers zone.
12:09 of 3rd period - Wrist shot by Mark Stone.
12:09 of 3rd period - Shot Misses the Net.
12:33 of 3rd period - Ryan McLeod is hit by Artem Zub.
12:43 of 3rd period - Snap shot by Vincent Trocheck.
12:43 of 3rd period - Stopped by Karel Vejmelka with a rebound.
12:45 of 3rd period - Slapshot by Adam Pelech.
12:45 of 3rd period - Shot Blocked by Scott Mayfield.
12:55 of 3rd period - Kirill Marchenko is hit by Isac Lundestrom and loses puck.
13:06 of 3rd period - Minor Penalty to Logan O'Connor for Holding.
13:07 of 3rd period - Connor McMichael wins face-off versus Vincent Trocheck in St.Louis Blues zone.
13:15 of 3rd period - Wrist shot by Connor McMichael.
13:15 of 3rd period - Stopped by Connor Hellebuyck with a rebound.
13:39 of 3rd period - Wrist shot by Isac Lundestrom.
13:39 of 3rd period - Stopped by Karel Vejmelka with a rebound.
13:44 of 3rd period - Off-side.
13:45 of 3rd period - Isac Lundestrom wins face-off versus Ryan McLeod in neutral zone.
13:53 of 3rd period - Wrist shot by Kirill Marchenko.
13:53 of 3rd period - Stopped by Connor Hellebuyck with a rebound.
15:06 of 3rd period - Penalty to Logan O'Connor is over, Logan O'Connor is back on ice.
16:00 of 3rd period - Snap shot by Nikita Kucherov.
16:00 of 3rd period - Stopped by Karel Vejmelka without a rebound.
16:01 of 3rd period - Vincent Trocheck wins face-off versus Ryan McLeod in Edmonton Oilers zone.
16:17 of 3rd period - Snap shot by Vincent Trocheck.
16:17 of 3rd period - Stopped by Karel Vejmelka with a rebound.
16:23 of 3rd period - Minor Penalty to Troy Stecher for Holding.
16:24 of 3rd period - Ryan McLeod wins face-off versus Nikita Kucherov in Edmonton Oilers zone.
17:41 of 3rd period - Minor Penalty to Brandon Hagel for Roughing.
17:42 of 3rd period - Brock Boeser wins face-off versus Jack Eichel in St.Louis Blues zone.
17:47 of 3rd period - Snap shot by Adrian Kempe.
17:47 of 3rd period - Stopped by Connor Hellebuyck with a rebound.
17:57 of 3rd period - Nikita Kucherov is hit by Adrian Kempe and loses puck.
18:18 of 3rd period - Jaccob Slavin is hit by Ryan McLeod.
18:23 of 3rd period - Penalty to Troy Stecher is over, Troy Stecher is back on ice.
18:38 of 3rd period - Snap shot by Brock Boeser.
18:38 of 3rd period - Deflect By Connor McMichael.
18:38 of 3rd period - Stopped by Connor Hellebuyck without a rebound.
18:39 of 3rd period - Vincent Trocheck wins face-off versus Ryan McLeod in St.Louis Blues zone.
18:39 of 3rd period - Vincent Trocheck is hit by Ryan McLeod.
19:08 of 3rd period - Snap shot by Vincent Trocheck.
19:08 of 3rd period - Shot Blocked by Connor McMichael.
19:10 of 3rd period - Snap shot by Brandon Tanev.
19:10 of 3rd period - Shot Blocked by Connor McMichael.
19:12 of 3rd period - Slapshot by Brandon Tanev.
19:12 of 3rd period - Stopped by Karel Vejmelka with a rebound.
19:14 of 3rd period - Wrist shot by Brandon Tanev.
19:14 of 3rd period - Shot Blocked by Brock Boeser.
19:37 of 3rd period - Icing by Brock Boeser.
19:38 of 3rd period - Connor McMichael wins face-off versus Vincent Trocheck in Edmonton Oilers zone.
19:41 of 3rd period - Penalty to Brandon Hagel is over, Brandon Hagel is back on ice.
19:49 of 3rd period - Wrist shot by Dylan Holloway.
19:49 of 3rd period - Shot Misses the Net.
19:51 of 3rd period - Wrist shot by Brandon Carlo.
19:51 of 3rd period - Deflect By Boone Jenner.
19:51 of 3rd period - Shot Hit the Post.
19:51 of 3rd period - Puck is out of play.
19:52 of 3rd period - Ryan McLeod wins face-off versus Robert Thomas in St.Louis Blues zone.
Goals for this period are 1 for St.Louis Blues vs 0 for Edmonton Oilers.
Shots for this period are 13 for St.Louis Blues vs 13 for Edmonton Oilers.